 Dungeon Crawl Stone Soup version 0.29-a0-96-g93358da72b (webtiles) character file.

Game seed: 429823093234170635

2977 Gargoyl the Cleaver (level 9, -3/57 HPs)
             Began as a Gargoyle Abyssal Knight on Feb 12, 2022.
             Was an Elder of Lugonu.
             Killed by divine providence
             ... invoked by an orc priest
              (15 damage)
             ... on level 7 of the Dungeon.
             The game lasted 00:11:14 (7445 turns).

Gargoyl the Cleaver (Gargoyle Abyssal Knight)       Turns: 7445, Time: 00:11:15

Health: -3/57      AC: 20    Str: 22    XL:     9   Next: 82%
Magic:  10/10      EV: 12    Int: 10    God:    Lugonu [****..]
Gold:   397        SH:  5    Dex: 10    Spells: 8/8 levels left

rFire   . . .      SeeInvis .   a - +6 hand axe
rCold   . . .      Faith    .   (no shield)
rNeg    + + .      Spirit   .   b - +0 chain mail
rPois   ∞          Reflect  +   g - +1 hat
rElec   +          Harm     .   (no cloak)
rCorr   .          Rampage  .   (no gloves)
Will    .....                   d - +1 pair of boots
Stlth   ..........              s - amulet of reflection
HPRegen 0.19/turn               p - ring of positive energy
MPRegen 0.12/turn               z - +4 ring of evasion

@: no status effects
A: sickness immunity, AC +6, negative energy resistance 1, electricity
resistance, torment resistance 1, petrification resistance
a: Renounce Religion, Depart the Abyss, Bend Space, Banish, Corrupt


You were on level 7 of the Dungeon.
You worshipped Lugonu.
Lugonu was greatly pleased with you.
You visited 1 branch of the dungeon, and saw 7 of its levels.
You visited the Abyss 1 time.
You also visited: Sewer.

You collected 397 gold pieces.

Inventory:

Hand Weapons
 a - a +6 hand axe (weapon)
Missiles
 k - 33 poisoned darts (quivered)
Armour
 b - a +0 chain mail (worn)
 d - a +1 pair of boots (worn)
 g - a +1 hat (worn)
Jewellery
 i - a ring of flight
 j - a ring of see invisible
 p - a ring of positive energy (left hand)
 s - an amulet of reflection (around neck)
 w - a ring of protection from cold
 z - a +4 ring of evasion (right hand)
Wands
 o - a wand of acid (12)
 q - a wand of paralysis (10)
 t - a wand of charming (5)
Scrolls
 n - 2 scrolls of teleportation
 x - a scroll of amnesia {unknown}
Potions
 c - 3 potions of brilliance
 e - a potion of degeneration {unknown}
 f - 2 potions of haste {unknown}
 h - 4 potions of curing {unknown}
 l - 3 potions of resistance {unknown}
 m - 4 potions of mutation {unknown}
 r - 2 potions of flight {unknown}
 u - a potion of attraction {unknown}
 v - a potion of might {unknown}


   Skills:
 + Level 7.2 Fighting
 + Level 8.9 Axes
 + Level 1.8 Throwing
 + Level 6.9 Armour
 + Level 2.1 Dodging
 + Level 1.6 Stealth
 + Level 0.7 Shields
 + Level 2.0 Invocations


You had 8 spell levels left.
You didn't know any spells.
Your spell library contained the following spells:

 Spells                   Type           Power      Damage    Failure   Level
 Magic Dart               Conj           0%         1d3       95%         1
 Searing Ray              Conj           0%         2d4       99%         2
 Ignite Poison            Fire/Tmut/Pois 0%         N/A       100%        3
 Mephitic Cloud           Conj/Pois/Air  0%         N/A       100%        3
 Fulminant Prism          Conj/Hex       0%         3d6       100%        4
 Fireball                 Conj/Fire      0%         3d3       100%        5
 Freezing Cloud           Conj/Ice/Air   0%         6-21      100%        5
 Starburst                Conj/Fire      0%         6d3       100%        6
 Ignition                 Fire           0%         3d3       100%        8


Dungeon Overview and Level Annotations

Branches:
Dungeon (7/15)              Sewer (visited)
 Temple: D:4-7

Altars:
Yredelemnul

Shops:
D:4 :


Innate Abilities, Weirdness & Mutations

You are immune to sickness and miasma.
Your stone body is resilient. (AC +6)
You are immune to poison.
You resist negative energy. (rN+)
You are resistant to electric shocks. (rElec)
You are resistant to unholy torment.
You are immune to petrification.


Message History

An orc priest comes into view. It is wielding a +0 dagger.
You block the orc priest's attack.
The orc wizard points at you and mumbles some strange words.
You easily resist.
You slash the orc priest!
The orc priest is heavily wounded.
The orc priest barely misses you.
The orc priest calls upon Beogh to heal the orc priest.
The orc priest is healed somewhat.
The orc wizard points at you and mumbles some strange words.
The puff of flame hits you!
You slash the orc priest!
The orc priest is severely wounded.
The orc priest miscasts a cantrip.
You closely miss the orc priest.
The orc priest is severely wounded.
The orc priest hits you but does no damage.
Unknown command.
You closely miss the orc priest.
The orc priest is severely wounded.
The orc wizard points at you and mumbles some strange words.
You easily resist.
The orc priest looks satisfied for a moment.
The orc priest invokes the aid of Beogh against you.
Beogh smites you!
You closely miss the orc priest.
The orc priest is severely wounded.
The orc wizard casts a spell at you.
You easily resist.
The orc priest calls down the wrath of Beogh upon you.
Beogh smites you!
The orc priest hits you but does no damage.
You barely miss the orc priest.
The orc priest is severely wounded.
The orc priest calls down the wrath of Beogh upon you.
Beogh smites you!
* * * LOW HITPOINT WARNING * * *
The orc priest calls down the wrath of Beogh upon you.
Beogh smites you!
You die...

.##.#......
##.##.........
###.#.....##
#.....####....
....#....##
#....##.# #....
#####....#
...###..# ##...
#....# ##.#..)##
##.. ####
##.#.### ###
.... #..#.# #...
######.##.# ..#
######o..@.....#
....
..........o....#
####
######.o.......#
. .......#######
.. .......## ###
#.......#
#########


You could see 2 orc priests and an orc wizard.

Vanquished Creatures
  Grinder (Sewer)
  Sigmund (D:2)
  2 water moccasins
  2 sky beasts
  4 ogres
  4 necrophages
  A phantom (D:5)
  2 bullfrogs (D:7)
  2 kobold brigands
  3 scorpions
  2 water moccasin zombies (D:6)
  A wight (Sewer)
  A howler monkey (D:7)
  4 bullfrog zombies (D:6)
  2 centaur zombies
  2 hounds
  A jelly (D:6)
  A gnoll shaman (D:7)
  A bullfrog skeleton (D:6)
  An iguana (D:5)
  4 orc wizards
  A killer bee zombie (D:6)
  A howler monkey zombie (D:5)
  5 gnolls
  8 adders
  4 shadow imps
  2 white imps (D:5)
  7 ufetubi (Sewer)
  An adder zombie (Sewer)
  2 worms (D:3)
  A dart slug (D:1)
  20 orcs
  7 endoplasms
  2 giant cockroaches (D:1)
  6 hobgoblins
  30 kobolds
  6 quokkas
  4 ball pythons
  8 bats
  5 frilled lizards
  4 goblins
  2 kobold zombies (Sewer)
  9 rats
177 creatures vanquished.

Notes
Turn   | Place    | Note
-------+----------+-------------------------------------------
     0 | Abyss:1  | Gargoyl the Gargoyle Abyssal Knight began the quest for the
                  | Orb.
     0 | Abyss:1  | Reached XP level 1. HP: 14/14 MP: 2/2
    69 | Abyss:1  | Found a corrupted altar of Lugonu.
    70 | Abyss:1  | Found a corrupted altar of Lugonu.
   170 | Abyss:1  | Found a corrupted altar of Lugonu.
   235 | Abyss:1  | Found a radiant altar of Vehumet.
   341 | Abyss:2  | Noticed a sixfirhy
   342 | D:1      | Escaped the Abyss
   401 | D:1      | Found a faded altar of an unknown god.
   517 | D:1      | Reached skill level 1 in Stealth
   528 | D:1      | Reached XP level 2. HP: 16/19 MP: 3/3
   752 | D:1      | Reached * piety under Lugonu
   766 | D:1      | Reached skill level 2 in Axes
   766 | D:1      | Reached XP level 3. HP: 19/24 MP: 4/4
  1390 | D:2      | Reached skill level 1 in Dodging
  1390 | D:2      | Noticed Sigmund
  1893 | D:2      | Reached XP level 4. HP: 25/29 MP: 5/5
  2437 | D:2      | Killed Sigmund
  2438 | D:2      | Reached skill level 3 in Axes
  2438 | D:2      | Reached XP level 5. HP: 19/33 MP: 6/6
  2438 | D:2      | Reached XP level 6. HP: 22/38 MP: 7/7
  2844 | D:3      | Reached skill level 4 in Axes
  2845 | D:3      | Reached ** piety under Lugonu
  3432 | D:4      | Found Kaluaz's Book Boutique.
  3643 | D:4      | Noticed a necrophage
  3654 | D:4      | Killed a necrophage
  3816 | D:4      | You fall into a shaft and drop 3 floors!
  3818 | D:7      | Noticed a sky beast
  3837 | D:6      | Reached XP level 7. HP: 44/44 MP: 8/8
  3861 | D:6      | Found a basalt altar of Yredelemnul.
  3874 | D:6      | Reached skill level 5 in Axes
  3900 | D:6      | Reached skill level 5 in Fighting
  4509 | D:6      | Reached XP level 8. HP: 36/50 MP: 9/9
  4668 | D:6      | Reached skill level 6 in Axes
  4670 | D:5      | Entered Level 5 of the Dungeon
  4877 | D:5      | Reached skill level 1 in Throwing
  4911 | D:5      | Reached skill level 5 in Armour
  5377 | D:5      | Found a glowing drain.
  5394 | D:5      | Reached *** piety under Lugonu
  5404 | Sewer    | Entered a sewer
  5528 | Sewer    | Found an ancient bone altar of Kikubaaqudgha.
  5555 | Sewer    | Reached skill level 7 in Axes
  5615 | Sewer    | Noticed Grinder
  5629 | Sewer    | Killed Grinder
  5629 | Sewer    | Reached **** piety under Lugonu
  5630 | Sewer    | Reached XP level 9. HP: 50/56 MP: 10/10
  6384 | D:6      | Reached skill level 8 in Axes
  7445 | D:7      | Killed from afar by an orc priest

Illustrated notes

Levels and vault maps discovered:
D:1:      dpeg_arrival_signposts, layout_basic, ebering_ecumenical_altar_rust,
          minmay_box_of_dots
D:2:      layout_loops_ring, minmay_tiny_reverse_x, uniq_sigmund
D:3:      layout_basic, chequers_serial_rivers_small_b
D:4:      layout_gridville, serial_shops, shop, hangedman_decor_slide_cut,
          guppyfry_early_lair_pool
D:5:      layout_cave_pools, portal_sewer_entry_d, minmay_misc_feat_chi
D:6:      layout_gridville, nicolae_yredelemnul_corpse_copse,
          grunt_decor_junction
D:7:      layout_rooms, minmay_temple_entry_hall, chequers_serial_rivers_room_b,
          hellmonk_bongcloud_opening

Skill      XL: |  1  2  3  4  5  6  7  8  9 |
---------------+----------------------------+-----
Stealth        | 1 |  1.6
Axes           | 2 3 4 5 7 8 |  8.9
Dodging        | 1 2 |  2.1
Fighting       | 4 5 6 7 |  7.2
Armour         | 3 4 5 6 |  6.9
Throwing       | 1 |  1.8
Shields        | |  0.7
Invocations    | |  2.0

Action                   |  1- 3 |  4- 6 |  7- 9 || total
-------------------------+-------+-------+-------++-------
Melee: Hand axe          |    92 |   128 |   349 ||   569
       Punch             |       |     4 |     2 ||     6
Throw: Dart              |       |     5 |    20 ||    25
Invok: Depart the Abyss  |     1 |       |       ||     1
Evoke: Wand              |       |       |     1 ||     1
  Use: Scroll            |     5 |     3 |     7 ||    15
       Potion            |       |     1 |     1 ||     2
 Stab: Distracted        |     1 |       |       ||     1
Armor: Ring mail         |    46 |       |       ||    46
       Chain mail        |     5 |    84 |   295 ||   384
Dodge: Dodged            |    64 |    57 |   170 ||   291
Block: Other             |       |       |    21 ||    21

Table legend: (Time is in decaauts)
 A = Elapsed time spent in this place.
 B = Non-inter-level travel time spent in this place.
 C = Inter-level travel time spent in this place.
 D = Time resting spent in this place.
 E = Time spent auto-exploring this place.
 F = Levels seen in this place.
 G = Mean time per level.
                   A        B        C        D        E       F      G
               +--------+--------+--------+--------+--------+-----+--------+
         Total |   7478 |   7328 |    150 |    614 |   5043 |  10 |  747.8 |
       Dungeon |   6698 |   6548 |    150 |    595 |   4500 |   7 |  956.9 |
         Abyss |    344 |    344 |      0 |      0 |    326 |   2 |  172.0 |
         Sewer |    435 |    435 |      0 |     19 |    216 |   1 |  435.0 |
               +--------+--------+--------+--------+--------+-----+--------+

Top non-repeatable levels by time:
     D:6: 1370 daAuts
     D:1: 1337 daAuts
     D:5: 1020 daAuts
     D:2: 933 daAuts
     D:3: 776 daAuts
     D:4: 639 daAuts
     D:7: 620 daAuts
   Sewer: 435 daAuts
 Abyss:1: 293 daAuts
 Abyss:2: 51 daAuts
